 Dungeon Crawl Stone Soup version 0.29-a0-103-g37f86683bf (webtiles) character file.

Game seed: 13390806700191001467

66 kae the Ruffian (level 3, -3/29 HPs)
             Began as a Draconian Transmuter on Feb 15, 2022.
             Was an Initiate of Ru.
             Slain by an iguana (7 damage)
             ... on level 3 of the Dungeon.
             The game lasted 00:01:23 (4081 turns).

kae the Ruffian (Draconian Transmuter)              Turns: 4081, Time: 00:01:24

Health: -3/29      AC:  5    Str: 12    XL:     3   Next: 96%
Magic:  4/6        EV: 12    Int: 15    God:    Ru [......]
Gold:   140        SH:  0    Dex: 11    Spells: 2/6 levels left

rFire   . . .      SeeInvis .     - Unarmed
rCold   . . .      Faith    .   (no shield)
rNeg    . . .      Spirit   .   (armour unavailable)
rPois   .          Reflect  .   (helmet restricted)
rElec   .          Harm     .   (no cloak)
rCorr   .          Rampage  .   (no gloves)
Will    .....                   (no boots)
Stlth   +.........              (no amulet)
HPRegen 0.09/turn               (no ring)
MPRegen 0.10/turn               (no ring)

@: very slightly contaminated
A: AC +5, unfitting armour, cold-blooded
a: Renounce Religion


You were on level 3 of the Dungeon.
You worshipped Ru.
Ru was noncommittal.
You visited 1 branch of the dungeon, and saw 4 of its levels.

You collected 140 gold pieces.

Inventory:

Jewellery
 f - a ring of resist corrosion
Scrolls
 h - 2 scrolls of identify
Potions
 a - a potion of heal wounds
 b - 6 potions of curing
 c - a potion of ambrosia
 d - a potion of berserk rage {unknown}
 e - a potion of magic {unknown}
 g - 2 potions of invisibility {unknown}
 i - a potion of flight {unknown}
 j - a potion of attraction {unknown}
 l - a potion of brilliance {unknown}


   Skills:
 + Level 1.6 Fighting
 + Level 2.0 Dodging
 * Level 3.6 Unarmed Combat
 + Level 2.2 Spellcasting
 * Level 2.9 Transmutations
 * Level 0.6 Poison Magic


You had 2 spell levels left.
You knew the following spells:

 Your Spells              Type           Power      Damage    Failure   Level
a - Beastly Appendage     Tmut           20%        N/A       7%          1
b - Spider Form           Tmut/Pois      7%         N/A       30%         3

Your spell library contained the following spells:

 Spells                   Type           Power      Damage    Failure   Level
 Wereblood                Tmut           10%        N/A       10%         2
 Ensorcelled Hibernation  Hex/Ice        2%         N/A       32%         2
 Ice Form                 Ice/Tmut       6%         N/A       75%         4
 Anguish                  Hex/Necr       0%         N/A       91%         4


Dungeon Overview and Level Annotations

Branches:
Dungeon (4/15)
 Temple: D:4-7

Altars:
Hepliaklqana
Qazlal
Ru

Shops:
D:2 [

Annotations:
D:3 Sigmund
D:4 Robin


Innate Abilities, Weirdness & Mutations

Your plain brown scales are hard. (AC +5)
You cannot fit into any form of body armour.
You are cold-blooded and may be slowed by cold attacks.


Message History

Done waiting.
Casting: Spider Form (extremely dangerous; 30% risk of failure)
Confirm with . or Enter, or press ? or * to list all spells.
The spell is extremely dangerous to miscast (30% risk of failure)!
Continue anyway? [Y]es or [N]o only, please.
The spell is extremely dangerous to miscast (30% risk of failure)!
Continue anyway?
You miscast Spider Form.
You are very lightly contaminated with residual magic.
You feel rather nauseous for a moment!
You are poisoned.
You feel sick.
You feel sick.
You climb downwards.
Level annotation: Robin You feel sick.
You are no longer poisoned.
Robin roars a battlecry!
The goblins go into a battle-frenzy!
The goblin completely misses you. The hobgoblin hits you.
The goblin hits you but does no damage. The iguana closely misses you.
The hobgoblin misses you.
There is a stone staircase leading up here.
The hobgoblin hits you. The goblin hits you with a +0 dagger.
The hobgoblin hits you but does no damage.
The iguana closely misses you. The goblin hits you with a +0 club.
* * * LOW HITPOINT WARNING * * *
You climb upwards.
Level annotation: Sigmund
There is a stone staircase leading down here.
Okay, then.
The goblin misses you.
The iguana bites you but does no damage.
The hobgoblin closely misses you. The goblin hits you with a +0 club.
* * * LOW HITPOINT WARNING * * *
The hobgoblin barely misses you.
You barely miss the goblin. The goblin closely misses you.
The iguana completely misses you. The goblin hits you with a +0 club.
* * * LOW HITPOINT WARNING * * *
The iguana bites you!
You die...

......#.#.#..#.#######
..........#....).....#
..........#.########.#
......#.......# #.#
............#.# #.#
......###.###'######.#
..............gg...#.#
......##.....).g...#.#
......##.....ggl@..#.#
............)......#.#
......######.......#.#
......# #.......#.#
......# #.......#.#
......# #.......#.#
......# #########.#
......##############.###
.......................#


You could see an iguana, 2 hobgoblins and 3 goblins.

Vanquished Creatures
  An adder (D:2)
  2 worms
  A dart slug (D:3)
  An orc (D:3)
  8 endoplasms
  5 goblins
  4 hobgoblins
  4 jackals (D:1)
  2 quokkas
  5 ball pythons
  3 bats
  5 kobolds
  A rat (D:2)
42 creatures vanquished.

Notes
Turn   | Place    | Note
-------+----------+-------------------------------------------
     0 | D:1      | kae the Draconian Transmuter began the quest for the Orb.
     0 | D:1      | Reached XP level 1. HP: 16/16 MP: 3/3
   727 | D:1      | Reached XP level 2. HP: 23/23 MP: 3/5
  1766 | D:2      | Found Ahaaplul's Antique Armour Emporium.
  2153 | D:2      | Found a faded altar of an unknown god.
  2173 | D:2      | Reached XP level 3. HP: 22/28 MP: 6/6
  2177 | D:2      | Learned a level 3 spell: Spider Form
  3295 | D:3      | Found a sacrificial altar of Ru.
  3349 | D:3      | Became a worshipper of Ru the Awakened
  3465 | D:3      | Noticed Sigmund
  3478 | D:3      | Found a stormy altar of Qazlal.
  3725 | D:3      | Found a hazy altar of Hepliaklqana.
  3923 | D:4      | Noticed Robin
  4081 | D:3      | Slain by an iguana

Illustrated notes

Levels and vault maps discovered:
D:1:      erik_arrival_orb_chamber, layout_loops_corners, minmay_hedge_maze,
          minmay_pentomino_z2
D:2:      layout_basic, basic_ecumenical_altar, serial_shops,
          nicolae_shop_waterfront
D:3:      layout_basic, mainiacjoe_overflow_alcove_2,
          mainiacjoe_overflow_catch_the_wave, uniq_sigmund
D:4:      layout_cave_pools, nicolae_dithmenos_through_a_glass_darkly,
          uniq_duvessa, uniq_robin

Skill      XL: |  1  2 |
---------------+-------+-----
Dodging        | 2 |  2.0
Fighting       | |  1.6
Unarmed Combat | |  3.6
Spellcasting   | |  2.2
Transmutations | |  2.9
Poison Magic   | |  0.6

Action                   || total
-------------------------++-------
Melee: Unarmed           ||   113
       Kick              ||    23
       Headbutt          ||     7
       Tailslap          ||     9
       Punch             ||     4
 Cast: Beastly Appendage ||    31
  Use: Scroll            ||     7
Armor: Skin              ||    35
Dodge: Dodged            ||    86

Table legend: (Time is in decaauts)
 A = Elapsed time spent in this place.
 B = Non-inter-level travel time spent in this place.
 C = Inter-level travel time spent in this place.
 D = Time resting spent in this place.
 E = Time spent auto-exploring this place.
 F = Levels seen in this place.
 G = Mean time per level.
                   A        B        C        D        E       F      G
               +--------+--------+--------+--------+--------+-----+--------+
         Total |   4080 |   3906 |    174 |    212 |   3311 |   4 | 1020.0 |
       Dungeon |   4080 |   3906 |    174 |    212 |   3311 |   4 | 1020.0 |
               +--------+--------+--------+--------+--------+-----+--------+

Top non-repeatable levels by time:
     D:1: 1751 daAuts
     D:2: 1295 daAuts
     D:3: 1028 daAuts
     D:4: 5 daAuts
